 Dungeon Crawl Stone Soup version 0.29.0-13-gc9e81de378 (webtiles) character file.

Game seed: 16524203592445527093

16 Anothat the Slasher (level 2, 0/23 HPs)
             Began as a Formicid Gladiator on Sept 9, 2022.
             Succumbed to an adder's poison
             ... on level 2 of the Dungeon.
             The game lasted 00:00:48 (1271 turns).

Anothat the Slasher (Formicid Gladiator)            Turns: 1271, Time: 00:00:49

Health: 0/23       AC:  4    Str: 18    XL:     2   Next: 75%
Magic:  2/2        EV: 12    Int:  7    God:
Gold:   69         SH:  0    Dex: 15    Spells: 1/1 levels left

rFire   . . .      SeeInvis +   a - +0 long sword
rCold   . . .      Faith    .   (no shield)
rNeg    . . .      Spirit   .   b - +0 leather armour
rPois   .          Reflect  .   (helmet unavailable)
rElec   .          Harm     .   f - +0 cloak
rCorr   .          Rampage  .   (no gloves)
Will    .....                   (no boots)
Stlth   +.........              (no amulet)
HPRegen 0.07/turn               (no ring)
MPRegen 0.08/turn               (no ring)

@: brilliant, lethally poisoned (0 -> -3)
A: permanent stasis, dig shafts and tunnels, antennae 3, four strong arms
a: Dig, Shaft Self


You were on level 2 of the Dungeon.
You visited 1 branch of the dungeon, and saw 2 of its levels.

You collected 69 gold pieces.

Inventory:

Hand Weapons
 a - a +0 long sword (weapon)
Missiles
 c - 3 throwing nets (quivered)
 d - a javelin
Armour
 b - a +0 leather armour (worn)
 f - a +0 cloak (worn)
Scrolls
 e - a scroll of brand weapon {unknown}
 h - a scroll of teleportation {unknown}
 i - a scroll of fear {unknown}


   Skills:
 + Level 2.5 Fighting
 * Level 3.4 Long Blades
 - Level 2.0 Throwing
 + Level 2.9 Dodging


You had one spell level left.
You didn't know any spells.
Your spell library was empty.

Dungeon Overview and Level Annotations

Branches:
Dungeon (2/15)

Altars:


Innate Abilities, Weirdness & Mutations

You cannot be hasted, slowed, berserked, paralysed or teleported.
You can dig through walls and to a lower floor.
You have a pair of large antennae on your head. (SInv)
Your four strong arms can wield two-handed weapons with a shield.


Message History

The adder bites you but does no damage. The hobgoblin hits you.
The adder closely misses you.
You barely miss the adder.
The adder is moderately wounded.
The hobgoblin hits you. The adder bites you.
You are poisoned.
The adder poisons you!
You closely miss the adder.
The adder is moderately wounded.
You feel very sick. The adder bites you but does no damage.
The hobgoblin hits you but does no damage.
The adder bites you but does no damage. The hobgoblin hits you.
* * * LOW HITPOINT WARNING * * *
You are too injured to fight recklessly!
You are too injured to fight recklessly!
You are too injured to fight recklessly!
You are too injured to fight recklessly!
You are too injured to fight recklessly!
You are too injured to fight recklessly!
You are too injured to fight recklessly!
You are too injured to fight recklessly!
You are too injured to fight recklessly!
You are too injured to fight recklessly!
Okay, then.
It was a potion of brilliance.
You feel clever all of a sudden.
* * * LOW HITPOINT WARNING * * *
You feel sick. The adder closely misses you. The hobgoblin hits you.
* * * LOW HITPOINT WARNING * * *
You barely miss the adder.
The adder is moderately wounded.
* * * LOW HITPOINT WARNING * * *
You feel sick. The adder bites you.
* * * LOW HITPOINT WARNING * * *
The adder misses you. The hobgoblin hits you.
* * * LOW HITPOINT WARNING * * *
You miss the adder.
The adder is moderately wounded.
You die...

####### ### ....... ..#
#..... #.# #..... #.#
#..... #.#
#....S##.##############
+$....@................
#....g##.##############
#..... #.# #..... #.#
#..... #.# { ###### #.#
#.# ###.# #..<#


You could see an adder and a hobgoblin.

Vanquished Creatures
  A bat (D:1)
  An endoplasm (D:1)
  2 goblins (D:1)
  3 hobgoblins (D:1)
  2 jackals (D:1)
  A quokka (D:1)
  A ball python (D:1)
  A frilled lizard (D:1)
  2 rats (D:1)
14 creatures vanquished.

Notes
Turn   | Place    | Note
-------+----------+-------------------------------------------
     0 | D:1      | Anothat the Formicid Gladiator began the quest for the Orb.
     0 | D:1      | Reached XP level 1. HP: 16/16 MP: 1/1
   357 | D:1      | Reached XP level 2. HP: 23/23 MP: 2/2
  1270 | D:2      | HP: 1/23 [hobgoblin (1)]
  1271 | D:2      | Succumbed to an adder's poison

Illustrated notes

Levels and vault maps discovered:
D:1:      minmay_arrival_solitary_statue, layout_loops_corners, serial_forest,
          infiniplex_forest_lined_3, infiniplex_forest_lined_room_2,
          infiniplex_forest_clump_cross, infiniplex_forest_join,
          infiniplex_forest_straight_3, infiniplex_forest_lined_2,
          infiniplex_forest_lined_room_3, infiniplex_forest_clump_small,
          infiniplex_forest_straight_2, infiniplex_forest_lined_3_way,
          nicolae_concentric_dashed_squares_wild
D:2:      layout_basic, basic_ecumenical_altar, minivault_19,
          grunt_decor_junction

Action                   || total
-------------------------++-------
Melee: Long sword        ||    47
  Use: Potion            ||     1
 Stab: Sleeping          ||     1
Armor: Leather armour    ||    19
Dodge: Dodged            ||    31
